 Dungeon Crawl Stone Soup version 0.18-a0-731-ga019a5f (webtiles) character file.

247 JokEr the Shield-Bearer (level 6, 0/39 HPs)
             Began as a Gargoyle Fighter on Dec 9, 2015.
             Slain by an ogre
             ... wielding a +0 giant club
              (16 damage)
             ... on level 4 of the Dungeon.
             The game lasted 00:04:55 (2550 turns).

JokEr the Shield-Bearer (Gargoyle Fighter)          Turns: 2550, Time: 00:04:56

Health: 0/39       AC: 13    Str: 22    XL:     6   Next: 11%
Magic:  6/6        EV:  8    Int: 11    God:
Gold:   158        SH:  9    Dex:  9    Spells: 0 memorised, 5 levels left

rFire  . . .     SeeInvis .     a - +0 flail
rCold  . . .     Clarity  .     b - +0 scale mail
rNeg   + . .     SustAt   .     c - +0 shield
rPois  ∞         Gourm    .     j - +1 helmet
rElec  +         Spirit   .     (no cloak)
rCorr  .         Dismiss  .     (no gloves)
rMut   .         Stasis   .     (no boots)
MR     .....                    (no amulet)
Stlth  ..........               (no ring)
                                o - +3 ring of intelligence

@: not resistant to hostile enchantments, extremely unstealthy
A: negative energy resistance 1, electricity resistance, unbreathing,
petrification resistance, rot immunity, AC +4
a: no special abilities


You were on level 4 of the Dungeon.
You were not hungry.

You visited 1 branch of the dungeon, and saw 4 of its levels.

You collected 158 gold pieces.

Inventory:

Hand Weapons
 a - a +0 flail (weapon)
Armour
 b - a +0 scale mail (worn)
 c - a +0 shield (worn)
 j - a +1 helmet (worn)
Jewellery
 l - an uncursed ring of invisibility {unknown}
 m - an uncursed ring of wizardry
 o - a +3 ring of intelligence (left hand)
 r - an uncursed ring of positive energy {unknown}
Scrolls
 k - 2 scrolls of remove curse
 s - a scroll of enchant weapon {unknown}
Potions
 d - a potion of might
 f - 2 potions of heal wounds {unknown}
 g - 2 potions of curing {unknown}
 h - a potion of degeneration {unknown}
 n - a potion of ambrosia {unknown}
Comestibles
 e - 3 bread rations
 i - a meat ration
 p - a beef jerky
 q - 2 fruits


   Skills:
 + Level 4.3 Fighting
 + Level 3.3 Maces & Flails
 + Level 4.2 Armour
 + Level 1.5 Dodging
 + Level 0.8 Stealth
 + Level 4.5 Shields


You had 5 spell levels left.
You didn't know any spells.

Dungeon Overview and Level Annotations

Branches:
Dungeon (4/15)
 Temple: D:4-7

Altars:
Gozag
Kikubaaqudgha
Nemelex Xobeh
Pakellas


Innate Abilities, Weirdness & Mutations

You are resistant to torment.
Your stone body is resilient (AC +4).
You are immune to poison.
You resist negative energy.
You are resistant to electric shocks.
You can survive without breathing.
You are immune to petrification.
You are immune to rotting.


Message History

There is an open door here.
You see here 23 sling bullets.
There is an escape hatch in the ceiling here.
There is a stone staircase leading down here.
You climb downwards.
You hear the sound of rushing water.
There is an entrance to a sewer on this level.
Hurry and find it before the portal rusts away!
An ogre comes into view. It is wielding a giant club.
The ogre shouts!
There is a stone staircase leading up here.
You hit the ogre.
The ogre is lightly wounded.
The ogre hits you with a giant club.
You hit the ogre.
The ogre is lightly wounded.
The ogre hits you with a giant club!!
You sock the ogre!
The ogre is severely wounded.
The ogre hits you with a giant club!
You die...

+# .# .# ##.##
##...##
####.....##
#..<.@O...#
.................
#.###.#######.###
#. # #


You could see an ogre.

Vanquished Creatures
  2 vampire bats (D:2)
  An orc wizard (D:3)
  Natasha (thrice) (D:3)
  An adder (D:2)
  A gnoll (D:1)
  4 worms
  2 giant geckos
  2 orcs (D:3)
  6 bats
  4 bat skeletons (D:2)
  2 bat zombies (D:2)
  3 giant cockroaches
  11 hobgoblins
  4 jackals (D:2)
  8 kobolds
  A ball python (D:2)
  2 giant newts
  7 goblins
  11 rats
75 creatures vanquished.

Notes
Turn   | Place    | Note
--------------------------------------------------------------
     0 | D:1      | JokEr the Gargoyle Fighter began the quest for the Orb.
     0 | D:1      | Reached XP level 1. HP: 14/14 MP: 1/1
   228 | D:1      | Reached XP level 2. HP: 19/19 MP: 2/2
   891 | D:1      | Reached XP level 3. HP: 24/24 MP: 3/3
  1286 | D:2      | Reached XP level 4. HP: 26/29 MP: 4/4
  1412 | D:2      | Found an oddly glowing altar of Pakellas.
  1551 | D:2      | Reached skill level 4 in Fighting
  1566 | D:2      | Found an ancient bone altar of Kikubaaqudgha.
  1572 | D:2      | Reached XP level 5. HP: 33/33 MP: 5/5
  1591 | D:2      | Reached skill level 1 in Dodging
  1840 | D:3      | Found a sparkling altar of Nemelex Xobeh.
  2119 | D:3      | Noticed Natasha
  2134 | D:3      | Killed Natasha
  2246 | D:3      | Reached XP level 6. HP: 37/39 MP: 6/6
  2339 | D:3      | Noticed Natasha
  2348 | D:3      | Killed Natasha
  2424 | D:3      | Noticed Natasha
  2427 | D:3      | Killed Natasha
  2486 | D:3      | Found an opulent altar of Gozag.
  2487 | D:3      | Found a sparkling altar of Nemelex Xobeh.
  2550 | D:4      | Slain by an ogre

Vault maps used:
D:1:      minmay_arrival_glassed_features
D:2:      kennysheep_vampire_church, minmay_hedge_maze, grunt_pakellas_sulfur
D:3:      grunt_temple_overflow_opulence, nemelex_deck, uniq_natasha
D:4:      old_standard_altar, amethyst_overflow_temple_binary,
          portal_sewer_entry_a, serial_shops, nicolae_shop_window_shopping

Action                   |  1- 3 |  4- 6 || total
-------------------------+-------+-------++-------
Melee: Flail             |    91 |   151 ||   242
  Use: Scroll            |     1 |     2 ||     3
  Eat: Bread ration      |     1 |     1 ||     2
